 Dungeon Crawl Stone Soup version 0.29.1-12-g30fa7ad0bf (webtiles) character file.

Game seed: 17055711355755917077

100 MacCMillion the Chiller (level 4, -2/30 HPs)
             Began as a Merfolk Ice Elementalist on Jan 16, 2023.
             Slain by Crazy Yiuf
             ... wielding a +4 quarterstaff of chaos
              (24 damage)
             ... on level 2 of the Dungeon.
             The game lasted 00:05:24 (2878 turns).

MacCMillion the Chiller (Merfolk Ice Elementalist)  Turns: 2878, Time: 00:05:25

Health: -2/30      AC: 11    Str:  8    XL:     4   Next: 74%
Magic:  4/7        EV: 13    Int: 16    God:
Gold:   91         SH:  0    Dex: 14    Spells: 3/7 levels left

rFire   . . .      SeeInvis .   o - +1 dagger (protect)
rCold   . . .      Faith    .   (no shield)
rNeg    . . .      Spirit   .   u - +1 robe {Will+}
rPois   .          Reflect  .   (no helmet)
rElec   .          Harm     .   (no cloak)
rCorr   .          Rampage  .   n - +0 pair of gloves
Will    +....                   (no boots)
Stlth   ++........              (no amulet)
HPRegen 0.10/turn               (no ring)
MPRegen 0.10/turn               (no ring)

@: under a protective aura, freezing walls
A: (nimble swimmer 2), mertail
a: no special abilities


You were on level 2 of the Dungeon.
You visited 1 branch of the dungeon, and saw 2 of its levels.

You collected 91 gold pieces.

Inventory:

Hand Weapons
 o - a +1 dagger of protection (weapon)
Armour
 h - a scarf of harm
 n - a +0 pair of gloves (worn)
 u - a +1 robe of willpower (worn)
Jewellery
 e - a ring of protection from fire
 g - a ring of positive energy
Scrolls
 a - a scroll of noise {unknown}
 d - a scroll of amnesia {unknown}
 i - 2 scrolls of identify {unknown}
 l - a scroll of magic mapping {unknown}
 s - a scroll of vulnerability {unknown}
 t - a scroll of immolation {unknown}
 v - a scroll of teleportation {unknown}
Potions
 b - 2 potions of magic
 c - 2 potions of curing {unknown}
 f - a potion of heal wounds {unknown}
 j - a potion of attraction {unknown}
 k - 3 potions of degeneration {unknown}
 m - 2 potions of might {unknown}
 p - a potion of invisibility {unknown}
 q - a potion of lignification {unknown}
 r - a potion of haste


   Skills:
 - Level 3.0 Dodging
 - Level 3.0 Stealth
 - Level 2.1 Spellcasting
 + Level 6.1 Ice Magic


You had 3 spell levels left.
You knew the following spells:

 Your Spells              Type           Power      Damage    Failure   Level
a - Freeze                Ice            84%        1d10      1%          1
b - Frozen Ramparts       Ice            42%        1d7       4%          3

Your spell library contained the following spells:

 Spells                   Type           Power      Damage    Failure   Level
 Ozocubu's Armour         Ice            21%        N/A       4%          3
 Magic Dart               Conj           4%         1d3       21%         1
 Searing Ray              Conj           2%         2d4       30%         2
 Gell's Gravitas          Tloc           1%         N/A       52%         3
 Lesser Beckoning         Tloc           1%         N/A       52%         3
 Teleport Other           Tloc           1%         N/A       52%         3
 Hailstorm                Conj/Ice       11%        3d5       50%         4
 Fulminant Prism          Conj/Hex       0%         3d6       90%         4


Dungeon Overview and Level Annotations

Branches:
Dungeon (2/15)

Altars:

Annotations:
D:2 Crazy Yiuf


Innate Abilities, Weirdness & Mutations

((You are very nimble when in or above water. (Stealth+, EV+, Speed+++)))
Your lower body shifts to a powerful aquatic tail in water.


Message History

You kill the ball python!
You open the door.
There is an open door here.
There is an open door here.
You see here a +0 dagger.
Things that are here:
a +0 club; a +0 club
There is an open door here.
You see here 7 stones.
You see here 7 stones.
There is an open door here.
There is a dry fountain here.
There is a dry fountain here.
Your legs become a tail as you enter the water.
There is a fountain of clear blue water here.
Press: ? - help, v - describe, . - travel
Here: Crazy Yiuf, wielding a +4 quarterstaff of chaos and wearing a +0 cloak of willpower (wandering, hasn't noticed you, fire blocked by a runed translucent door)
The floor.
Unknown command.
You open the door.
Crazy Yiuf shouts!
Casting: Freeze (safe; 1% risk of failure)
Confirm with . or Enter, or press ? or * to list all spells.
Casting: Frozen Ramparts (dangerous; 4% risk of failure)
Press: ? - help, Dir - look around, f - activate The walls around you are covered in ice.
The wall freezes Crazy Yiuf.
Unknown command.
Casting: Frozen Ramparts (dangerous; 4% risk of failure)
Confirm with . or Enter, or press ? or * to list all spells.
You don't know that spell.
Unknown command.
You hit Crazy Yiuf but do no damage.
Your weapon exudes an aura of protection.
Crazy Yiuf is moderately wounded.
The wall freezes Crazy Yiuf.
Crazy Yiuf hits you with a +4 quarterstaff of chaos!
Space warps horribly around you!!
Ouch! That really hurt!
You die...

#.......###.# #####
#........##.# #..)#
#........##.# #...#
#........##.## ...
#>...........# #'#
########.#.### ##.#
#.#.### #.## #.....# ##g#
###.#.# #@## #.### ##.##
#.### #...##
##########...# #....#
.........##### #....#
.#######.# #....# .#
#.##### #....# )#
#####.#...###.#.##########
.#
#..........<#............#


You could see Crazy Yiuf.

Vanquished Creatures
  Robin (D:2)
  An adder (D:2)
  A gnoll (D:1)
  A worm (D:2)
  A dart slug (D:1)
  8 ball pythons
  4 bats
  5 endoplasms
  11 goblins
  9 hobgoblins
  4 jackals (D:1)
  2 kobolds
  2 quokkas (D:1)
  4 frilled lizards
  9 rats
63 creatures vanquished.

Vanquished Creatures (others)
  13 plants (D:1)
13 creatures vanquished.

Grand Total: 76 creatures vanquished

Notes
Turn   | Place    | Note
-------+----------+-------------------------------------------
     0 | D:1      | MacCMillion the Merfolk Ice Elementalist began the quest
                  | for the Orb.
     0 | D:1      | Reached XP level 1. HP: 13/13 MP: 3/3
   246 | D:1      | Reached XP level 2. HP: 19/19 MP: 3/5
   832 | D:1      | Reached XP level 3. HP: 19/24 MP: 3/6
   836 | D:1      | Learned a level 3 spell: Frozen Ramparts
   926 | D:1      | Reached skill level 5 in Ice Magic
  1583 | D:2      | Noticed Robin
  1592 | D:2      | Killed Robin
  1593 | D:2      | Reached XP level 4. HP: 29/30 MP: 3/7
  1673 | D:2      | Found a faded altar of an unknown god.
  2049 | D:2      | Found a runed translucent door.
  2050 | D:2      | Noticed Crazy Yiuf
  2198 | D:2      | Reached skill level 6 in Ice Magic
  2878 | D:2      | Slain by Crazy Yiuf

Illustrated notes

Levels and vault maps discovered:
D:1:      eino_arrival_water_star, layout_rooms, hangedman_decor_lopped,
          nicolae_grassy_gnolls
D:2:      layout_loops_corners, shapermc_ecumenical_altar_acropolis, uniq_robin,
          uniq_crazy_yiuf_cottage

Skill      XL: |  1  2  3  4 |
---------------+-------------+-----
Dodging        | 3 |  3.0
Ice Magic      | 5 6 |  6.1
Stealth        | 3 |  3.0
Spellcasting   | |  2.1

Action                   |  1- 3 |  4- 6 || total
-------------------------+-------+-------++-------
Melee: Dagger            |    14 |    11 ||    25
 Cast: Freeze            |    50 |    26 ||    76
       Frozen Ramparts   |     2 |     1 ||     3
 Stab: Sleeping          |     2 |     3 ||     5
Armor: Robe              |    11 |     3 ||    14
Dodge: Dodged            |    24 |    17 ||    41
